 Dungeon Crawl Stone Soup version 0.31-a0-237-g2d982f9f85 (webtiles) character file.

Game seed: 14124862228894724910

501 qw the Shooter (level 6, -2/52 HPs)
             Began as a Minotaur Hexslinger on July 10, 2023.
             Was an Initiate of Okawaru.
             Slain by an ogre
             ... wielding a +0 giant spiked club
              (22 damage)
             ... on level 5 of the Dungeon.
             The game lasted 00:01:22 (4331 turns).

qw the Shooter (Minotaur Hexslinger)                Turns: 4331, Time: 00:01:22

Health: -2/52      AC:  9    Str: 12    XL:     6   Next: 95%
Magic:  6/6        EV: 11    Int: 12    God:    Okawaru [......]
Gold:   855        SH:  0    Dex: 15    Spells: 6/7 levels left

rFire   + . .        k - +1 longbow (heavy)
rCold   . . .        (shield currently unavailable)
rNeg    . . .        m - +2 ring mail {rF+}
rPois   .            f - +2 hat "Plog" {Int+2}
rElec   .            (no cloak)
rCorr   .            (no gloves)
SInv    .            (no boots)
Will    .....        (no amulet)
Stlth   +            (no ring)
HPRegen 0.28/turn    (no ring)
MPRegen 0.10/turn

%: no passive effects
@: no status effects
A: horns 2, retaliatory headbutt
a: Renounce Religion


You were on level 5 of the Dungeon.
You worshipped Okawaru.
Okawaru was noncommittal.
You visited 2 branches of the dungeon, and saw 6 of its levels.

You collected 1315 gold pieces.
You spent 460 gold pieces at shops.


Innate Abilities, Weirdness & Mutations

You have a pair of horns on your head.
You reflexively headbutt those who attack you in melee.


   Skills:
 - Level 4.0 Fighting
 + Level 7.3 Ranged Weapons
 - Level 1.2 Armour
 - Level 2.1 Dodging
 - Level 1.0 Spellcasting
 - Level 2.0 Hexes


You had 6 spell levels left.
You knew the following spells:

 Your Spells              Type           Power      Damage    Failure   Level
a - Slow                  Hex            20%        N/A       30%         1

Your spell library contained the following spells:

 Spells                   Type           Power      Damage    Failure   Level
 Inner Flame              Hex/Fire       3%         N/A       80%         3
 Portal Projectile        Hex/Tloc       6%         N/A       80%         3
 Cause Fear               Hex            2%         N/A       96%         4

Inventory:

Hand Weapons
 k - a +1 heavy longbow (weapon)
Armour
 f - the +2 hat "Plog" (worn) {Int+2}
   (You acquired it on level 1 of the Dungeon)

   Int:       It affects your intelligence (+2).
 m - a +2 ring mail of fire resistance (worn)
Scrolls
 g - a scroll of identify
 p - a scroll of enchant armour
Potions
 a - 2 potions of might
 b - a potion of heal wounds
 c - a potion of cancellation {unknown}
 d - 3 potions of enlightenment
 e - a potion of magic
 j - a potion of curing
 l - a potion of lignification {unknown}
 n - 2 potions of haste

Dungeon Overview and Level Annotations

Branches:
Dungeon (5/15)             Temple (1/1) D:4

Altars:
Cheibriados
Dithmenos
Elyvilon
Fedhas
Gozag
Hepliaklqana
Kikubaaqudgha
Makhleb
Okawaru
Ru
Sif Muna
Uskayaw
Vehumet
Xom
Yredelemnul
Zin

Shops:
D:4 :*


Message History

Enter note:
There is a stone staircase leading down here.
An adder comes into view.
Enter note:
Enter note:
Enter note:
Enter note:
Enter note:
Enter note: You shoot an arrow.
The arrow hits the adder!!
You kill the adder!
Okawaru accepts your kill.
Found a scroll of fog.
Enter note:
Enter note:
Enter note:
Enter note:
Enter note:
Enter note: You hear the rapid rusting of a very distant drain. 2 ogres come into view.
Found 4 stones.
Enter note:
Enter note:
Enter note:
Enter note:
Enter note:
Enter note: You shoot an arrow.
The arrow hits the ogre!
The ogre is heavily wounded.
The ogre barely misses you.
You shoot an arrow. The arrow hits the ogre.
The ogre is heavily wounded.
The ogre hits you with a +0 giant club! The ogre barely misses you.
You furiously retaliate!
You headbutt the ogre. You shoot an arrow. The arrow hits the ogre.
The ogre is heavily wounded.
The ogre hits you with a +0 giant club!
The ogre hits you with a +0 giant spiked club!!
You die...

#......###................#
##.###.# #.....###8.8#####
#.# #.# #.....# ##.##
##.###.###.....###..##
....................>####
##.#........########....#
#.#.................##.#
##.#.........##########.#
...........>.#.O@..#....#
##.#...###...#.O#..#..###
.......# ...#..#..#.%#
##.#.#.# ..#..#..#..#
##...#.# ##.##.##.##
#..###.. ..#..#..# ....#
##. #..#..#.?# P.P.# ..
#.(#..#..# ._..# #.....#


You could see 2 ogres.

Vanquished Creatures
  Menkaure (D:5)
  A gnoll bouda (D:3)
  2 orc priests
  An iguana (D:3)
  2 orc wizards
  5 adders
  5 gnolls (D:3)
  A river rat (D:5)
  An ufetubus (D:5)
  6 worms
  3 dart slugs
  5 orcs
  5 bats
  7 endoplasms
  6 giant cockroaches
  8 hobgoblins
  3 jackals (D:3)
  6 quokkas
  8 ball pythons
  4 frilled lizards
  5 goblins
  7 kobolds
  8 rats
100 creatures vanquished.

Notes
Turn   | Place    | Note
-------+----------+-------------------------------------------
     0 | D:1      | qw the Minotaur Hexslinger began the quest for the Orb.
     0 | D:1      | Reached XP level 1. HP: 16/16 MP: 1/1
     0 | D:1      | 0 ||| qw: Version: 0.3-a-52-g30416fa
     0 | D:1      | 0 ||| qw: Game counter: 4959
     0 | D:1      | 0 ||| qw: Melee chars always use a shield: true
     0 | D:1      | 0 ||| qw: God list: Okawaru
     0 | D:1      | 0 ||| qw: Allow faded altars: false
     0 | D:1      | 0 ||| qw: Do Orc after clearing Dungeon:15 true
     0 | D:1      | 0 ||| qw: Do second Lair branch before Depths: true
     0 | D:1      | 0 ||| qw: Lair rune preference: random
     0 | D:1      | 0 ||| qw: Goals: Normal
     0 | D:1      | 0 ||| PLANNING D:1-11
   171 | D:1      | Reached skill level 3 in Ranged Weapons
   232 | D:1      | Reached XP level 2. HP: 23/23 MP: 2/2
   896 | D:1      | 896 ||| READING 3 scrolls labelled KOREMU EDGHOIKOVI.
   897 | D:1      | 897 ||| READING 3 scrolls labelled YSOACZ WYNWEE.
   898 | D:1      | 898 ||| READING 2 scrolls labelled VULLAU ESHIA.
   899 | D:1      | 899 ||| READING 3 scrolls labelled HIPHIAX PUSA.
   899 | D:1      | Identified 3 scrolls of acquirement
   899 | D:1      | 899 ||| ACQUIRING 1081 gold pieces
   899 | D:1      | Acquired 1081 gold pieces
   901 | D:1      | 901 ||| READING 2 scrolls of acquirement.
   901 | D:1      | 901 ||| ACQUIRING +2 hat "Plog" {Int+2}
   901 | D:1      | Acquired the +2 hat "Plog" {Int+2}
   903 | D:1      | 903 ||| UPGRADING to +2 hat "Plog" {Int+2}.
   908 | D:1      | 908 ||| READING scroll of acquirement.
   908 | D:1      | 908 ||| ACQUIRING +1 heavy longbow
   908 | D:1      | Acquired a +1 heavy longbow
   910 | D:1      | 910 ||| SWAPPING to +1 heavy longbow.
   911 | D:1      | 911 ||| DROPPING +1 sling.
   912 | D:1      | 912 ||| DRINKING 2 sedimented coppery potions.
   913 | D:1      | 913 ||| DRINKING 2 green potions.
   914 | D:1      | 914 ||| READING 2 scrolls of identify.
   914 | D:1      | 914 ||| IDENTIFYING sapphire potion
   915 | D:1      | 915 ||| DROPPING 2 scrolls of fear.
   916 | D:1      | 916 ||| DROPPING scroll of poison.
   917 | D:1      | 917 ||| DROPPING potion of degeneration.
   918 | D:1      | 918 ||| DROPPING potion of attraction.
   919 | D:1      | 919 ||| DROPPING scroll of revelation.
   997 | D:2      | Identified the +4 glaive "Sarcophage" {heavy, Fly rF++
                  | Stlth+}
  1211 | D:2      | HP: 6/24 [worm (9)]
  1214 | D:2      | Reached XP level 3. HP: 9/29 MP: 3/3
  1304 | D:2      | Reached skill level 4 in Ranged Weapons
  1858 | D:2      | Reached XP level 4. HP: 36/36 MP: 4/4
  1956 | D:2      | 1956 ||| READING scroll labelled PEACWI UCYEPS.
  1959 | D:2      | 1959 ||| READING scroll labelled TANLAN UTOURPH.
  2037 | D:3      | Reached skill level 5 in Ranged Weapons
  2042 | D:3      | Reached skill level 3 in Fighting
  2043 | D:3      | Reached XP level 5. HP: 26/45 MP: 5/5
  2285 | D:3      | Found a faded altar of an unknown god.
  2461 | D:3      | Found a radiant altar of Vehumet.
  2993 | D:3      | 2993 ||| UPGRADING to +0 leather armour.
  3003 | D:3      | 3003 ||| DROPPING +0 robe.
  3004 | D:3      | 3004 ||| UPGRADING to amulet of guardian spirit.
  3009 | D:3      | 3009 ||| READING scroll labelled UPNOJA OTEY.
  3010 | D:3      | 3010 ||| READING scroll labelled YSHAEB VEPN.
  3011 | D:3      | 3011 ||| DRINKING 2 pink potions.
  3033 | D:4      | 3033 ||| FLEEEEING.
  3035 | D:4      | 3035 ||| STAIRDANCE
  3039 | D:4      | 3039 ||| STAIRDANCE
  3045 | D:3      | Reached skill level 6 in Ranged Weapons
  3077 | D:4      | 3077 ||| STAIRDANCE
  3081 | D:4      | 3081 ||| STAIRDANCE
  3085 | D:4      | 3085 ||| STAIRDANCE
  3089 | D:4      | 3089 ||| STAIRDANCE
  3093 | D:4      | 3093 ||| STAIRDANCE
  3097 | D:4      | 3097 ||| STAIRDANCE
  3101 | D:4      | 3101 ||| STAIRDANCE
  3105 | D:4      | 3105 ||| STAIRDANCE
  3109 | D:4      | 3109 ||| STAIRDANCE
  3113 | D:4      | 3113 ||| STAIRDANCE
  3117 | D:4      | 3117 ||| STAIRDANCE
  3121 | D:4      | 3121 ||| STAIRDANCE
  3125 | D:4      | 3125 ||| STAIRDANCE
  3129 | D:4      | 3129 ||| STAIRDANCE
  3133 | D:4      | 3133 ||| STAIRDANCE
  3137 | D:4      | 3137 ||| STAIRDANCE
  3141 | D:4      | 3141 ||| STAIRDANCE
  3145 | D:4      | 3145 ||| STAIRDANCE
  3156 | D:3      | Found a shimmering altar of Xom.
  3178 | D:4      | Found a staircase to the Ecumenical Temple.
  3179 | D:4      | 3179 ||| PLANNING TEMPLE
  3185 | Temple   | Entered the Ecumenical Temple
  3189 | Temple   | 3189 ||| PLANNING OKAWARU WORSHIP
  3283 | Temple   | Became a worshipper of Warmaster Okawaru
  3284 | Temple   | 3284 ||| PLANNING D:1-11
  3284 | Temple   | 3284 ||| REMOVING amulet of guardian spirit.
  3289 | Temple   | 3289 ||| DROPPING amulet of guardian spirit.
  3345 | D:4      | Found Uffuatwo's General Store.
  3357 | D:4      | 3357 ||| BUYING +2 ring mail of fire resistance (210 gold).
  3357 | D:4      | Bought a +2 ring mail of fire resistance for 210 gold
                  | pieces
  3357 | D:4      | 3357 ||| BUYING 2 potions of haste (200 gold).
  3357 | D:4      | Bought 2 potions of haste for 200 gold pieces
  3357 | D:4      | 3357 ||| BUYING potion of heal wounds (50 gold).
  3357 | D:4      | Bought a potion of heal wounds for 50 gold pieces
  3560 | D:4      | Reached XP level 6. HP: 52/52 MP: 6/6
  3706 | D:4      | Found Ymasati's Tiny Tomes.
  3812 | D:4      | 3812 ||| UPGRADING to +2 ring mail of fire resistance.
  3822 | D:4      | 3822 ||| DROPPING +0 leather armour.
  3823 | D:4      | 3823 ||| DROPPING ring of magical power.
  3824 | D:4      | 3824 ||| READING scroll labelled BEXILE FEONTOK.
  3825 | D:4      | 3825 ||| DRINKING 3 orange potions.
  3826 | D:4      | 3826 ||| READING 2 scrolls of identify.
  3826 | D:4      | 3826 ||| IDENTIFYING fizzy blue potion
  3827 | D:4      | 3827 ||| DROPPING 2 potions of invisibility.
  3850 | D:5      | Entered Level 5 of the Dungeon
  3851 | D:5      | 3851 ||| PLANNING SEWER
  3894 | D:5      | Reached skill level 1 in Armour
  3896 | D:5      | HP: 9/52 [poisoned by an orc priest]
  3897 | D:5      | 3897 ||| READING scroll of teleportation.
  3897 | D:5      | HP: 2/52 [poisoned by an orc priest]
  3898 | D:5      | 3898 ||| DRINKING 3 potions of heal wounds.
  3900 | D:5      | 3900 ||| DRINKING 2 potions of heal wounds.
  3902 | D:5      | HP: 11/52 [poisoned by an orc priest]
  3907 | D:5      | HP: 7/52 [poisoned by an orc priest]
  4109 | D:5      | 4109 ||| Stepping ~*~*~tactically~*~*~ (outnumbered).
  4133 | D:5      | 4133 ||| FLEEEEING.
  4134 | D:5      | 4134 ||| FLEEEEING.
  4135 | D:5      | 4135 ||| FLEEEEING.
  4136 | D:5      | 4136 ||| FLEEEEING.
  4140 | D:5      | 4140 ||| FLEEEEING.
  4141 | D:5      | 4141 ||| FLEEEEING.
  4142 | D:5      | 4142 ||| FLEEEEING.
  4143 | D:5      | 4143 ||| STAIRDANCE
  4170 | D:4      | 4170 ||| DRINKING 2 blue potions.
  4175 | D:5      | 4175 ||| STAIRDANCE
  4244 | D:5      | Found a blossoming altar of Fedhas.
  4279 | D:5      | Noticed Menkaure
  4280 | D:5      | Killed Menkaure
  4281 | D:5      | Reached skill level 7 in Ranged Weapons
  4331 | D:5      | Slain by an ogre

Levels and vault maps discovered:
D:1:      psy_arrival_heroes, layout_basic
D:2:      layout_basic, minmay_mini_jars
D:3:      minmay_recursive_quarters, layout_loops_corners,
          nicolae_overflow_ecumenical_swirl, nicolae_vehumet_radiance
D:4:      layout_basic, minmay_temple_entry_crystal_x, serial_shops,
          nicolae_lakefront_shop, minmay_misc_feat_alley,
          nicolae_shop_i_like_small_books_too, dreamdust_wishing_well,
          kennysheep_generic_room_2
D:5:      minmay_angry_zag, layout_basic, fedhas_altar_1, gup_sewer_entry_bowl,
          small_statue_intersection, st_stairs_7, uniq_menkaure
Temple:   dshaligram_water_room_temple

Skill      XL: |  1  2  3  4  5  6 |
---------------+-------------------+-----
Ranged Weapons | 3 4 5 6 7 |  7.3
Fighting       | 2 3 4 |  4.0
Armour         | 1 |  1.2
Dodging        | |  2.1
Spellcasting   | |  1.0
Hexes          | |  2.0

Action                     |  1- 3 |  4- 6 || total
---------------------------+-------+-------++-------
   Fire: Sling             |    49 |       ||    49
         Longbow           |    32 |   108 ||   140
    Use: Scroll            |     7 |     7 ||    14
         Potion            |     2 |     5 ||     7
 Armour: Robe              |    10 |    10 ||    20
         Leather armour    |       |     5 ||     5
         Ring mail         |       |     6 ||     6
  Dodge: Dodged            |    29 |    45 ||    74

Table legend:
 A = Non-vault XP
 B = Vault XP
 C = Vault XP percentage of total XP
 D = Non-vault monster count
 E = Vault monster count
 F = Vault count percentage of total count
                 A         B        C        D         E       F
            +---------+---------+-------+---------+---------+-------
      Total |     460 |     257 |  35.8 |      77 |      23 |  23.0
            +---------+---------+-------+---------+---------+-------
        D:1 |      30 |       0 |   0.0 |      21 |       0 |   0.0
        D:2 |      42 |      33 |  44.0 |      13 |      10 |  43.5
        D:3 |     198 |      22 |  10.0 |      26 |       6 |  18.8
        D:4 |      98 |       2 |   2.0 |      12 |       1 |   7.7
        D:5 |      92 |     200 |  68.5 |       5 |       6 |  54.5
            +---------+---------+-------+---------+---------+-------
